 Dungeon Crawl Stone Soup version 0.16-a0-1816-g2c93a98 (webtiles) character file.

1635 timbw the Basher (level 8, -3/70 HPs)
             Began as a Troll Hunter on Nov 4, 2014.
             Was a Believer of Okawaru.
             Slain by a troll (13 damage)
             ... on level 9 of the Dungeon.
             The game lasted 00:09:17 (1791 turns).

timbw the Basher (Troll Hunter)                     Turns: 1791, Time: 00:09:17

Health: -3/70      AC:  6    Str: 21    XL:     8   Next: 66%
Magic:  3/3        EV: 10    Int:  7    God:    Okawaru [**....]
Gold:   191        SH:  0    Dex: 12    Spells: 0 memorised, 7 levels left

rFire  . . .     SeeInvis .     y - +0 giant spiked club
rCold  . . .     Clarity  .     d - +1 animal skin
rNeg   . . .     SustAb   +     (shield restricted)
rPois  .         Gourm    +     (helmet restricted)
rElec  .         Spirit   .     (no cloak)
rCorr  .         Warding  .     (gloves unavailable)
rMut   .         Stasis   .     (boots unavailable)
MR     .....                    (no amulet)
Stlth  +.........               (no ring)
                                t - ring of sustain abilities

@: lethally poisoned, not resistant to hostile enchantments, very unstealthy
A: unfitting armour, claws 3, fast metabolism 3, gourmand, regeneration 2,
shaggy fur 1, tough skin 2
a: Heroism, Renounce Religion


You were on level 9 of the Dungeon.
You worshipped Okawaru.
Okawaru was pleased with you.
You were very hungry.

You visited 2 branches of the dungeon, and saw 10 of its levels.

You collected 191 gold pieces.

Inventory:

Hand weapons
 h - a +0 club
 q - a +0 giant spiked club
 s - a +0 giant club
 y - a +0 giant spiked club (weapon)
Missiles
 b - 3 large rocks (quivered)
 c - 2 throwing nets
 g - a stone
 m - 6 curare-tipped needles
Armour
 d - a +1 animal skin (worn)
Jewellery
 t - a ring of sustain abilities (left claw)
Magical devices
 l - a wand of random effects (19)
 x - a wand of paralysis (17)
 B - a wand of polymorph (11)
Scrolls
 f - a scroll of recharging
 p - 4 scrolls of remove curse
 u - 2 scrolls of teleportation
 D - a scroll of identify
Potions
 e - 4 potions of curing
 i - a potion of beneficial mutation {unknown}
 j - 2 potions of agility
 k - a potion of heal wounds
 o - 3 potions of berserk rage
 r - a potion of brilliance {unknown}
 v - a potion of degeneration {unknown}
 z - a potion of restore abilities {unknown}
 A - a potion of confusion
Comestibles
 a - 2 meat rations
 n - 4 bread rations
 w - a royal jelly
 C - 3 fruits


   Skills:
 - Level 1.5 Fighting
 + Level 9.8 Maces & Flails
 - Level 3.6 Throwing
 - Level 2.2 Dodging
 - Level 0.4 Stealth


You had 7 spell levels left.
You didn't know any spells.

Dungeon Overview and Level Annotations

Branches:
Dungeon (9/15)             Temple (1/1) D:4
   Lair: D:8-11         Orc: D:9-12

Altars:
Dithmenos
Elyvilon
Fedhas
Kikubaaqudgha
Makhleb
Nemelex Xobeh
Okawaru
Sif Muna
Vehumet
Yredelemnul
The Shining One


Innate Abilities, Weirdness & Mutations

You are too large for most types of armour.
You have claws for hands.
Your metabolism is lightning-fast.
You like to eat raw meat.
You heal very quickly.
You are covered in fur (AC +1).
You have very tough skin (AC +2).


Message History

You feel sick.
You feel sick.
You feel sick.
You feel sick.
You feel sick.
You feel sick.
You feel sick.
You feel sick.
You feel sick.
You feel like a meek peon again.
You feel sick.
You feel sick. The troll bites you.
* * * LOW HITPOINT WARNING * * *
The troll claws you but does no damage. The troll claws you!
* * * LOW HITPOINT WARNING * * *
You feel sick.
There is a stone staircase leading down here.
The troll bites you!
You die...

########
#......#
###......##
#>@.......$.
#T#......##
#...........
###......##
####.### .#
##


You could see a troll.

Vanquished Creatures
  A hill giant zombie (D:8)
  An ice beast (D:8)
  3 ogres
  2 centaurs
  A giant frog (D:6)
  A scorpion (D:8)
  A killer bee (D:9)
  6 crimson imps
  A goliath beetle (D:9)
  2 jellies
  A giant frog skeleton (D:5)
  2 iguanas
  3 orc priests
  2 orc wizards
  A two-headed ogre zombie (D:7)
  2 hounds
  4 worker ants
  A mummy (D:4)
  A worker ant zombie (D:6)
  2 adders
  A shadow imp (D:5)
  A worm (D:4)
  A giant gecko (D:4)
  7 orcs
  7 bats
  A giant cockroach (D:3)
  8 hobgoblins
  9 kobolds
  A quokka (D:4)
  A giant gecko skeleton (D:4)
  4 giant newts
  2 hobgoblin zombies (D:4)
  A kobold zombie (D:4)
  2 orc zombies
  6 rats
90 creatures vanquished.

Notes
Turn   | Place    | Note
--------------------------------------------------------------
     0 | D:1      | timbw, the Troll Hunter, began the quest for the Orb.
     0 | D:1      | Reached XP level 1. HP: 19/19 MP: 1/1
    92 | D:2      | Reached XP level 2. HP: 25/27 MP: 1/1
   187 | D:4      | Reached skill level 1 in Maces & Flails
   187 | D:4      | Reached XP level 3. HP: 14/33 MP: 2/2
   339 | D:4      | Reached XP level 4. HP: 28/41 MP: 2/2
   366 | D:4      | Found a shadowy altar of Dithmenos.
   366 | D:4      | Found a basalt altar of Yredelemnul.
   421 | D:4      | Noticed an ogre
   435 | D:4      | Killed an ogre
   435 | D:4      | Reached skill level 4 in Maces & Flails
   435 | D:4      | Reached XP level 5. HP: 35/48 MP: 2/2
   502 | D:3      | Found a basalt altar of Yredelemnul.
   532 | D:4      | Reached skill level 5 in Maces & Flails
   532 | D:4      | Reached XP level 6. HP: 34/55 MP: 3/3
   599 | D:4      | Found a staircase to the Ecumenical Temple.
   609 | Temple   | Entered the Ecumenical Temple
   619 | Temple   | Became a worshipper of Warmaster Okawaru
   728 | D:5      | Entered Level 5 of the Dungeon
   754 | D:5      | Found a blossoming altar of Fedhas.
   836 | D:5      | Reached skill level 6 in Maces & Flails
   900 | D:5      | Acquired Okawaru's first power
   900 | D:5      | Reached XP level 7. HP: 62/62 MP: 3/3
  1000 | D:6      | Found a radiant altar of Vehumet.
  1009 | D:6      | Reached skill level 7 in Maces & Flails
  1014 | D:6      | Found a white marble altar of Elyvilon.
  1259 | D:8      | Reached skill level 8 in Maces & Flails
  1259 | D:8      | Reached XP level 8. HP: 57/70 MP: 1/3
  1429 | D:8      | Reached skill level 9 in Maces & Flails
  1711 | D:9      | Found an ancient bone altar of Kikubaaqudgha.
  1731 | D:9      | Found a deep blue altar of Sif Muna.
  1760 | D:9      | Noticed a troll
  1791 | D:9      | Slain by a troll

Action                   |  1- 3 |  4- 6 |  7- 9 || total
-------------------------+-------+-------+-------++-------
Melee: Unarmed           |    65 |   112 |       ||   177
       Giant club        |       |     3 |    30 ||    33
       Giant spiked club |       |       |   134 ||   134
Throw: Large rock        |     9 |     7 |     2 ||    18
Invok: Heroism           |       |       |     4 ||     4
  Use: Scroll            |       |       |    10 ||    10
 Stab: Sleeping          |       |       |     1 ||     1
  Eat: Chunk             |       |     6 |     6 ||    12
       Beef jerky        |       |       |     1 ||     1
